 Dungeon Crawl Stone Soup version 0.17.0-7-gfadd4cc (webtiles) character file.

372 kosy22 the Ducker (level 6, -2/61 HPs)
             Began as a Troll Fighter on Nov 8, 2015.
             Slain by a centaur (9 damage)
             ... on level 5 of the Dungeon.
             The game lasted 00:07:49 (3078 turns).

kosy22 the Ducker (Troll Fighter)                   Turns: 3078, Time: 00:07:50

Health: -2/61      AC:  6    Str: 27    XL:     6   Next: 43%
Magic:  5/5        EV:  9    Int:  4    God:
Gold:   247        SH:  9    Dex:  9    Spells: 0 memorised, 5 levels left

rFire  . . .     SeeInvis .       - Unarmed
rCold  . . .     Clarity  .     a - +1 robe
rNeg   . . .     SustAt   .     b - +0 shield
rPois  .         Gourm    +     (helmet restricted)
rElec  .         Spirit   .     (no cloak)
rCorr  .         Warding  .     (gloves unavailable)
rMut   .         Stasis   .     (boots unavailable)
MR     .....                    (no amulet)
Stlth  +.........               (no ring)
                                (no ring)

@: very slightly contaminated, hasted, very quick, not resistant to hostile
enchantments, very unstealthy
A: unfitting armour, claws 3, fast metabolism 3, gourmand, regeneration 2,
shaggy fur 1, tough skin 2
a: no special abilities


You were on level 5 of the Dungeon.
You were not hungry.

You visited 1 branch of the dungeon, and saw 5 of its levels.

You collected 247 gold pieces.

Inventory:

Missiles
 l - 15 poisoned needles
Armour
 a - a +1 robe (worn)
 b - a +0 shield (worn)
Jewellery
 n - an uncursed ring of magical power {unknown}
Wands
 o - a wand of polymorph (20)
 s - a wand of confusion (29)
 y - a wand of digging (7)
Scrolls
 e - 3 scrolls of remove curse {unknown}
 f - a scroll of magic mapping {unknown}
 h - 2 scrolls of blinking {unknown}
 i - 2 scrolls of identify {unknown}
 q - a scroll of recharging {unknown}
 r - a scroll of teleportation {unknown}
 x - a scroll of noise {unknown}
Potions
 c - 3 potions of might
 j - a potion of curing
 k - 3 potions of haste
 p - a potion of berserk rage {unknown}
 t - a potion of lignification {unknown}
 u - a potion of poison {unknown}
 v - a potion of agility {unknown}
 z - a potion of magic {unknown}
Comestibles
 d - 3 bread rations
 g - 3 fruits
 m - 3 meat rations
 w - a beef jerky


   Skills:
 + Level 3.0 Fighting
 + Level 4.5 Dodging
 + Level 0.3 Stealth
 + Level 4.0 Shields
 + Level 2.4 Unarmed Combat


You had 5 spell levels left.
You didn't know any spells.

Dungeon Overview and Level Annotations

Branches:
Dungeon (5/15)
 Temple: D:4-7

Altars:
Dithmenos
The Shining One

Shops:
D:4 [(=


Innate Abilities, Weirdness & Mutations

You are too large for most types of armour.
You have claws for hands.
Your metabolism is lightning-fast.
You like to eat raw meat.
You heal very quickly.
You are covered in fur (AC +1).
You have very tough skin (AC +2).


Message History

* * * LOW HITPOINT WARNING * * *
You block the orc wizard's attack.
The orc priest calls upon Beogh to heal the orc wizard.
The orc wizard's wounds heal themselves!
You scratch the orc priest.
The orc priest is heavily wounded.
The centaur barely misses you. You block the orc priest's attack.
The orc hits you but does no damage.
You closely miss the orc priest.
The orc priest is heavily wounded.
You block the orc wizard's attack. The orc priest barely misses you.
You block the centaur's attack.
You barely miss the orc priest.
The orc priest is heavily wounded.
The orc hits you with a club.
* * * LOW HITPOINT WARNING * * *
The orc priest hits you with a mace.
* * * LOW HITPOINT WARNING * * *
You block the orc wizard's attack. The centaur hits you!
You die...

#####.####.#
...........#
...........#
...........#
...........#
...........#
.....[ooo..#
......c@o..#
.......(...#
#######(##.#
#(##.# #..#.#
######.#.####
.............#
########..##.#
#..##.#


You could see a centaur, 2 orc priests, an orc wizard and an orc.

Vanquished Creatures
  An ogre (D:4)
  2 hounds
  An orc wizard (D:4)
  2 worker ants (D:4)
  Robin (D:4)
  6 adders
  3 oozes
  A giant gecko (D:3)
  5 orcs
  2 giant cockroaches (D:1)
  15 goblins
  13 hobgoblins
  7 kobolds
  2 quokkas (D:2)
  7 bats
  A giant newt (D:2)
  9 rats
78 creatures vanquished.

Notes
Turn   | Place    | Note
--------------------------------------------------------------
     0 | D:1      | kosy22 the Troll Fighter began the quest for the Orb.
     0 | D:1      | Reached XP level 1. HP: 22/22 MP: 0/0
   122 | D:1      | Reached XP level 2. HP: 29/29 MP: 1/1
   767 | D:2      | Reached XP level 3. HP: 32/36 MP: 2/2
  1030 | D:2      | Reached skill level 3 in Dodging
  1193 | D:2      | Reached XP level 4. HP: 44/44 MP: 3/3
  2167 | D:4      | Found Zaxzoxzots's Antique Armour Shop.
  2176 | D:4      | Reached XP level 5. HP: 50/52 MP: 4/4
  2194 | D:4      | Found Siluukal's Antique Weapon Shop.
  2309 | D:4      | Noticed an ogre
  2316 | D:4      | Killed an ogre
  2316 | D:4      | Reached skill level 4 in Dodging
  2316 | D:4      | Reached XP level 6. HP: 34/61 MP: 5/5
  2464 | D:4      | Found Laemosite's Jewellery Shop.
  2482 | D:4      | Noticed Robin
  2499 | D:4      | Killed Robin
  2628 | D:4      | Found a shadowy altar of Dithmenos.
  2637 | D:4      | Found a glowing golden altar of the Shining One.
  2950 | D:5      | Entered Level 5 of the Dungeon
  3078 | D:5      | Slain by a centaur

Action                   |  1- 3 |  4- 6 || total
-------------------------+-------+-------++-------
Melee: Unarmed           |   141 |   129 ||   270
  Use: Scroll            |     1 |       ||     1
       Potion            |       |     2 ||     2
  Eat: Chunk             |     5 |    11 ||    16
       Fruit             |     1 |     3 ||     4
       Bread ration      |     1 |     1 ||     2
